 Dungeon Crawl Stone Soup version 0.30.0-29-ga12c61a403 (webtiles) character file.

Game seed: 5230914393737093974

9 McKennaii the Caller (level 1, 0/14 HPs)
             Began as a Demigod Summoner on June 8, 2023.
             Slain by an adder (3 damage)
             ... on level 2 of the Dungeon.
             The game lasted 00:00:58 (509 turns).

McKennaii the Caller (Demigod Summoner)              Turns: 509, Time: 00:00:58

Health: 0/14       AC:  2    Str:  9    XL:     1   Next: 93%
Magic:  3/6        EV: 12    Int: 17    God:
Gold:   29         SH:  0    Dex: 14    Spells: 3/4 levels left

rFire   . . .        (no weapon)
rCold   . . .        (no shield)
rNeg    . . .        a - +0 robe
rPois   .            (no helmet)
rElec   .            (no cloak)
rCorr   .            (no gloves)
SInv    .            (no boots)
Will    .....        (no amulet)
Stlth   ++           (no ring)
HPRegen 0.22/turn    (no ring)
MPRegen 0.10/turn

%: no passive effects
@: lethally poisoned (0 -> -4), very slightly contaminated
A: high MP 1, forlorn, divine attributes
a: no special abilities


You were on level 2 of the Dungeon.
You visited 1 branch of the dungeon, and saw 2 of its levels.

You collected 29 gold pieces.

Inventory:

Armour
 a - a +0 robe (worn)
Scrolls
 c - a scroll of enchant weapon {unknown}
Potions
 b - a potion of magic
 d - a potion of flight {unknown}
 e - 2 potions of heal wounds {unknown}


   Skills:
 - Level 1.7 Dodging
 - Level 1.7 Stealth
 + Level 2.1 Spellcasting
 + Level 3.8 Summonings


You had 3 spell levels left.
You knew the following spells:

 Your Spells              Type           Power      Damage    Failure   Level
a - Summon Small Mammal   Summ           56%        N/A       4%          1

Your spell library contained the following spells:

 Spells                   Type           Power      Damage    Failure   Level
 Call Imp                 Summ           28%        N/A       6%          2
 Call Canine Familiar     Summ           14%        N/A       12%         3
 Summon Guardian Golem    Hex/Summ       8%         N/A       26%         3
 Summon Lightning Spire   Summ/Air       8%         N/A       65%         4


Dungeon Overview and Level Annotations

Branches:
Dungeon (1/15)


Innate Abilities, Weirdness & Mutations

You have an increased reservoir of magic. (+10% MP)
You shall have no god before yourself.
Your divine heritage dramatically boosts your attributes as you level up.


Message History

You swap places.
An adder comes into view.
The adder hisses angrily.
You swap places.
The adder bites your rat.
Your rat dies!
Your rat's corpse disappears in a puff of smoke!
Your rat misses the adder.
Your rat disappears in a puff of smoke!
The adder bites you. The adder closely misses you.
You miscast Summon Small Mammal.
You are very lightly contaminated with residual magic.
Nothing appears to happen.
The adder closely misses you.
Your rat closely misses the adder.
Unknown command.
The adder closely misses you.
Your rat misses the adder. The adder bites you.
Unknown command.
You closely miss the adder.
Your bat completely misses the adder.
The adder barely misses you.
Your rat bites the adder.
Unknown command.
You completely miss the adder.
The adder is moderately wounded.
The adder bites you.
Your rat misses the adder. Your bat misses the adder.
Unknown command.
You hit the adder.
The adder is moderately wounded.
Your bat closely misses the adder.
The adder bites you.
You are poisoned.
The adder poisons you!
Your rat barely misses the adder.
Unknown command.
The adder attacks as you move away! The adder bites you.
* * * LOW HITPOINT WARNING * * *
You feel sick.
Your bat misses the adder. The adder barely misses you.
Unknown command.
You miss the adder.
The adder is moderately wounded.
* * * LOW HITPOINT WARNING * * *
You feel sick. The adder bites you.
You die...

##########
#......@.#
#......S.#
#......r.#
#......b.#
#........#
#.........#
########....
.......
#........


You could see an adder (ally target), a friendly bat (summoned) and a friendly
rat (summoned).

Vanquished Creatures (collateral kills)
  An endoplasm (D:1)
  A goblin (D:1)
  2 hobgoblins (D:1)
  A quokka (D:1)
  A ball python (D:1)
  A frilled lizard (D:1)
  2 rats (D:1)
9 creatures vanquished.

Notes
Turn   | Place    | Note
-------+----------+-------------------------------------------
     0 | D:1      | McKennaii the Demigod Summoner began the quest for the Orb.
     0 | D:1      | Reached XP level 1. HP: 14/14 MP: 5/5
   474 | D:1      | You fall into a shaft and drop 1 floor!
   509 | D:2      | Slain by an adder

Illustrated notes

Levels and vault maps discovered:
D:1:      wander_arrival_lonely_grave, layout_basic,
          shapermc_ecumenical_altar_totnotflames, st_stairs_4,
          chequers_serial_rivers_micro_b
D:2:      layout_rooms, uniq_jessica, uniq_robin

Skill      XL: |  1 |
---------------+----+-----
Spellcasting   | 2 |  2.1
Dodging        | |  1.7
Stealth        | |  1.7
Summonings     | |  3.8

Action                     || total
---------------------------++-------
  Melee: Unarmed           ||    11
   Cast: Summon Small Mamm ||    25
  Dodge: Dodged            ||     9
